 Dungeon Crawl Stone Soup version 0.29-a0-8-g0446c0dae4 (webtiles) character file.

Game seed: 5702412873061162640

312 Cecur the Gusty (level 6, 0/45 HPs)
             Began as a Draconian Air Elementalist on Jan 27, 2022.
             Was a Believer of the Shining One.
             Slain by Edmund (5 damage)
             ... on level 4 of the Dungeon.
             The game lasted 00:14:54 (4309 turns).

Cecur the Gusty (Draconian Air Elementalist)        Turns: 4309, Time: 00:14:54

Health: 0/45       AC:  6    Str: 10    XL:     6   Next: 18%
Magic:  5/11       EV: 12    Int: 18    God:    the Shining One [**....]
Gold:   121        SH:  0    Dex: 11    Spells: 8/12 levels left

rFire   . . .      SeeInvis .   j - +0 war axe (vorpal)
rCold   . . .      Faith    .   (no shield)
rNeg    + . .      Spirit   .   (armour unavailable)
rPois   .          Reflect  .   (helmet restricted)
rElec   .          Harm     .   (no cloak)
rCorr   .          Rampage  .   (no gloves)
Will    .....                   (no boots)
Stlth   +.........              (no amulet)
HPRegen 0.15/turn               a - ring of flight
MPRegen 0.12/turn               (no ring)

@: lethally poisoned (0 -> -1), flying, glowing
A: AC +6, unfitting armour, cold-blooded
a: Renounce Religion, Divine Shield


You were on level 4 of the Dungeon.
You worshipped the Shining One.
The Shining One was pleased with you.
You visited 1 branch of the dungeon, and saw 4 of its levels.

You collected 121 gold pieces.

Inventory:

Hand Weapons
 b - a +0 dagger
 j - a +0 vorpal war axe (weapon)
Jewellery
 a - a ring of flight (left hand)
 i - a ring of protection from fire
Scrolls
 d - 3 scrolls of identify {unknown}
 f - a scroll of enchant armour {unknown}
 k - a scroll of summoning {unknown}
Potions
 c - a potion of degeneration {unknown}
 e - 2 potions of mutation {unknown}
 g - a potion of haste {unknown}
 h - a potion of magic {unknown}
 l - a potion of brilliance {unknown}


   Skills:
 + Level 0.3 Short Blades
 + Level 0.2 Axes
 + Level 1.9 Dodging
 + Level 2.2 Stealth
 + Level 3.8 Spellcasting
 + Level 2.7 Conjurations
 + Level 4.9 Air Magic


You had 8 spell levels left.
You knew the following spells:

 Your Spells              Type           Power      Damage    Failure   Level
a - Shock                 Conj/Air       68%        1d7       3%          1
b - Call Canine Familiar  Summ           3%         N/A       41%         3

Your spell library contained the following spells:

 Spells                   Type           Power      Damage    Failure   Level
 Static Discharge         Conj/Air       17%        N/A       4%          2
 Swiftness                Air            21%        N/A       6%          3
 Sandblast                Erth           6%         2d5       16%         1
 Airstrike                Air            10%        N/A       21%         4
 Passwall                 Tmut/Erth      2%         N/A       22%         2
 Stone Arrow              Conj/Erth      16%        3d8       26%         3
 Portal Projectile        Hex/Tloc       6%         N/A       41%         3
 Iskenderun's Battlesphe  Conj           13%        2d7       80%         5
 Leda's Liquefaction      Hex/Erth       1%         N/A       83%         4
 Fireball                 Conj/Fire      4%         3d4       94%         5
 Conjure Ball Lightning   Conj/Air       8%         3x3d6     99%         6
 Orb of Destruction       Conj           6%         9d6       100%        7


Dungeon Overview and Level Annotations

Branches:
Dungeon (4/15)
 Temple: D:4-7

Altars:
The Shining One

Shops:
D:3 *

Annotations:
D:4 Edmund


Innate Abilities, Weirdness & Mutations

Your plain brown scales are hard. (AC +6)
You cannot fit into any form of body armour.
You are cold-blooded and may be slowed by cold attacks.


Message History

The zap hits Edmund.
Edmund is severely wounded.
You feel sick.
Casting: Shock (safe; 3% risk of failure)
Confirm with . or Enter, or press ? or * to list all spells.
Aiming: Shock (safe; 3% risk of failure)
Press: ? - help, Shift-Dir - straight line, f/p - Edmund
Aim: Edmund, wielding a +2 flail of protection and wearing a +0 chain mail of poison resistance (severely wounded, haloed, 86% to hit)
The zap hits Edmund.
Edmund is almost dead.
You feel sick.
Edmund hits you with a +2 flail of protection!
* * * LOW HITPOINT WARNING * * *
Casting: Shock (safe; 3% risk of failure)
Confirm with . or Enter, or press ? or * to list all spells.
Aiming: Shock (safe; 3% risk of failure)
Press: ? - help, Shift-Dir - straight line, f/p - Edmund
Aim: Edmund, wielding a +2 flail of protection and wearing a +0 chain mail of poison resistance (almost dead, haloed, 86% to hit)
The zap hits Edmund.
Edmund is almost dead.
You feel sick. Edmund misses you.
Casting: Shock (safe; 3% risk of failure)
Confirm with . or Enter, or press ? or * to list all spells.
Aiming: Shock (safe; 3% risk of failure)
Press: ? - help, Shift-Dir - straight line, f/p - Edmund
Aim: Edmund, wielding a +2 flail of protection and wearing a +0 chain mail of poison resistance (almost dead, haloed, 86% to hit)
The zap hits Edmund.
Edmund is almost dead.
You feel sick. Edmund hits you but does no damage.
Unknown command.
Casting: Shock (safe; 3% risk of failure)
Confirm with . or Enter, or press ? or * to list all spells.
Aiming: Shock (safe; 3% risk of failure)
Press: ? - help, Shift-Dir - straight line, f/p - Edmund
Aim: Edmund, wielding a +2 flail of protection and wearing a +0 chain mail of poison resistance (almost dead, haloed, 86% to hit)
The zap hits Edmund but does no damage.
Edmund is almost dead.
You feel sick.
Edmund hits you with a +2 flail of protection.
You die...

.......#.#.#.#.#.#.#.#.#.
#.#.#.#.#.#.#.#.#.#
##.#.#.#.#.#.#.#.#.
#.#.#.#.#.#.#.#.#)#
##.#.#.#.#.#.#.#.#.
#.#.#.#.#.#.#.#.#.#
##.#.#.#.#.#.#.#.#.
#.#@#.#.#.#.#.#.#.#
##@#.#.#.#.#.#.#.#.
#.#.#.#.#.#.#.#.#.#
##.#.#.#.#.#.#.#.#.
#.#.#.#.#.#.#.#.#.#
##.#.#.#.#.#.#.#.#.
#.#.#.#.#.#.#.#.#.#
##.#.#.#.#.#.#.#.#.
#.#.#.#.#.#.#.#.#.#
##.#.#.#.#.#.#.#.#.


You could see Edmund.

Vanquished Creatures
  A phantom (D:4)
  A nameless horror (D:4)
  3 iguanas
  An orc wizard (D:3)
  6 adders
  An ufetubus (D:4)
  3 worms (D:2)
  2 dart slugs
  2 orcs (D:3)
  6 endoplasms
  2 giant cockroaches
  4 goblins
  8 hobgoblins
  4 jackals (D:1)
  A quokka (D:3)
  8 ball pythons
  4 bats
  6 frilled lizards
  A kobold (D:1)
  7 rats
71 creatures vanquished.

Vanquished Creatures (others)
  A butterfly (D:4)
1 creature vanquished.

Grand Total: 72 creatures vanquished

Notes
Turn   | Place    | Note
-------+----------+-------------------------------------------
     0 | D:1      | Cecur the Draconian Air Elementalist began the quest for
                  | the Orb.
     0 | D:1      | Reached XP level 1. HP: 14/14 MP: 3/3
   310 | D:1      | Reached XP level 2. HP: 19/20 MP: 0/5
   505 | D:1      | Found a faded altar of an unknown god.
   546 | D:1      | Prayed at the altar of an unknown god.
   546 | D:1      | Became a worshipper of the Shining One
   546 | D:1      | Reached * piety under the Shining One
  1316 | D:2      | Reached XP level 3. HP: 20/26 MP: 0/6
  2144 | D:2      | Reached XP level 4. HP: 29/33 MP: 1/8
  2588 | D:3      | Learned a level 3 spell: Call Canine Familiar
  2915 | D:3      | Reached skill level 4 in Air Magic
  2978 | D:3      | Found Caomulok's Assorted Antiques.
  3157 | D:3      | Reached ** piety under the Shining One
  3167 | D:3      | Reached XP level 5. HP: 38/38 MP: 1/10
  3813 | D:4      | Noticed a phantom
  3816 | D:4      | Noticed a nameless horror
  3913 | D:4      | Killed a nameless horror
  3917 | D:4      | Killed a phantom
  3921 | D:4      | Reached XP level 6. HP: 20/45 MP: 3/11
  4148 | D:4      | Noticed Edmund
  4309 | D:4      | Slain by Edmund

Illustrated notes

Levels and vault maps discovered:
D:1:      noname_arrival_rooms_in_the_neighbourhood, layout_basic,
          hellmonk_ecumenical_altar_leap_of_faith
D:2:      layout_loops_ring, roderic_roman_lattice, kennysheep_generic_room_7
D:3:      layout_basic, serial_shops, nicolae_shop_competitors_out_of_business,
          kennysheep_generic_room_3
D:4:      layout_basic, nicolae_elyvilon_peaceful_grove, minmay_unequal,
          uniq_edmund

Skill      XL: |  1  2  3  4  5 |
---------------+----------------+-----
Stealth        | 2 |  2.2
Spellcasting   | 3 |  3.8
Air Magic      | 4 |  4.9
Conjurations   | 2 |  2.7
Short Blades   | |  0.3
Axes           | |  0.2
Dodging        | |  1.9

Action                   |  1- 3 |  4- 6 || total
-------------------------+-------+-------++-------
Melee: Unarmed           |     6 |       ||     6
       Dagger            |    10 |       ||    10
       Tailslap          |     1 |     3 ||     4
       War axe           |       |    14 ||    14
 Cast: Shock             |    82 |    92 ||   174
Armor: Skin              |    13 |    15 ||    28
Dodge: Dodged            |    23 |    30 ||    53

Table legend: (Time is in decaauts)
 A = Elapsed time spent in this place.
 B = Non-inter-level travel time spent in this place.
 C = Inter-level travel time spent in this place.
 D = Time resting spent in this place.
 E = Time spent auto-exploring this place.
 F = Levels seen in this place.
 G = Mean time per level.
                   A        B        C        D        E       F      G
               +--------+--------+--------+--------+--------+-----+--------+
         Total |   4312 |   4312 |      0 |      0 |   3572 |   4 | 1078.0 |
       Dungeon |   4312 |   4312 |      0 |      0 |   3572 |   4 | 1078.0 |
               +--------+--------+--------+--------+--------+-----+--------+

Top non-repeatable levels by time:
     D:1: 1309 daAuts
     D:2: 1270 daAuts
     D:3: 1061 daAuts
     D:4: 672 daAuts
